 Dungeon Crawl Stone Soup version 0.17.0-27-g4a3f43e (webtiles) character file.

1062 septik the Digger (level 8, -5/43 HPs)
             Began as a Gargoyle Earth Elementalist on Nov 21, 2015.
             Was an Initiate of Vehumet.
             Killed from afar by an orc wizard (14 damage)
             ... with a puff of frost
             ... on level 6 of the Dungeon.
             The game lasted 00:17:32 (6346 turns).

septik the Digger (Gargoyle Earth Elementalist)     Turns: 6346, Time: 00:17:32

Health: -5/43      AC:  7    Str: 13    XL:     8   Next: 27%
Magic:  12/16      EV: 12    Int: 17    God:    Vehumet [......]
Gold:   200        SH:  0    Dex: 10    Spells: 3 memorised, 11 levels left

rFire  + . .     SeeInvis .     J - +0 morningstar
rCold  . . .     Clarity  .     e - +0 robe
rNeg   + . .     SustAt   .     (no shield)
rPois  ∞         Gourm    +     j - +0 hat
rElec  +         Spirit   .     (no cloak)
rCorr  .         Warding  .     (no gloves)
rMut   .         Stasis   .     (no boots)
MR     .....                    D - amulet of the gourmand
Stlth  ++........               C - ring of protection from fire
                                t - ring of invisibility

@: not resistant to hostile enchantments, unstealthy
A: negative energy resistance 1, electricity resistance, unbreathing,
petrification resistance, rot immunity, AC +5
a: Renounce Religion, Evoke Invisibility


You were on level 6 of the Dungeon.
You worshipped Vehumet.
Vehumet was noncommittal.
You were completely stuffed.

You visited 2 branches of the dungeon, and saw 7 of its levels.

You collected 200 gold pieces.

Inventory:

Hand Weapons
 a - a +0 hand axe of freezing
 i - a +2 short sword of speed
 F - a +1 war axe of flaming
 J - a +0 morningstar (weapon)
Missiles
 b - 155 stones (quivered)
 G - a throwing net
Armour
 e - a +0 robe (worn)
 j - a +0 hat (worn)
Jewellery
 q - an uncursed amulet of rage
 t - a ring of invisibility (left hand)
 C - a ring of protection from fire (right hand)
 D - an amulet of the gourmand (around neck)
 H - an uncursed amulet of faith {unknown}
Wands
 M - a wand of slowing (31)
Scrolls
 h - a scroll of fear {unknown}
 k - 2 scrolls of fog {unknown}
 p - 3 scrolls of identify {unknown}
 s - 2 scrolls of amnesia {unknown}
 v - 2 scrolls of blinking {unknown}
 w - a scroll of immolation {unknown}
 y - a scroll of noise {unknown}
 z - a scroll of random uselessness {unknown}
 A - a scroll of magic mapping {unknown}
 I - a scroll of remove curse {unknown}
 N - a scroll of holy word {unknown}
Potions
 g - 2 potions of magic {unknown}
 l - a potion of degeneration {unknown}
 m - 2 potions of mutation {unknown}
 n - a potion of might {unknown}
 o - 2 potions of heal wounds {unknown}
 r - a potion of lignification {unknown}
 x - 2 potions of cancellation {unknown}
 B - 2 potions of curing {unknown}
 E - a potion of berserk rage {unknown}
 K - a potion of ambrosia {unknown}
Books
 c - a book of Geomancy

   Spells                             Type                      Level
   a - Sandblast                      Earth                        1
   b - Stoneskin                      Transmutation/Earth          2
   c - Passwall                       Transmutation/Earth          3
   d - Stone Arrow                    Conjuration/Earth            3
   e - Petrify                        Transmutation/Earth          4
   f - Lee's Rapid Deconstruction     Earth                        5
Comestibles
 d - 5 bread rations
 f - 3 meat rations
 u - 10 fruits
 L - 3 chunks of flesh


   Skills:
 + Level 1.3 Fighting
 + Level 0.6 Maces & Flails
 + Level 1.4 Armour
 + Level 1.7 Dodging
 - Level 2.1 Stealth
 * Level 5.3 Spellcasting
 + Level 5.4 Conjurations
 - Level 0.7 Transmutations
 + Level 6.7 Earth Magic
 + Level 1.0 Evocations


You had 11 spell levels left.
You knew the following spells:

 Your Spells              Type           Power        Failure   Level  Hunger
a - Sandblast             Erth           ####..       1%          1    None
b - Stoneskin             Trmt/Erth      ###.....     4%          2    #......
c - Stone Arrow           Conj/Erth      ####..       4%          3    ##.....


Dungeon Overview and Level Annotations

Branches:
Dungeon (6/15)             Temple (1/1) D:5

Altars:
Ashenzari
Cheibriados
Dithmenos
Elyvilon
Fedhas
Makhleb
Nemelex Xobeh
Qazlal
Ru
Sif Muna
Trog
Vehumet
Xom
Yredelemnul
Zin
The Shining One

Annotations:
D:3 chonchonts's ghost, amateur GrBe


Innate Abilities, Weirdness & Mutations

You are resistant to torment.
Your stone body is resilient (AC +5).
You are immune to poison.
You resist negative energy.
You are resistant to electric shocks.
You can survive without breathing.
You are immune to petrification.
You are immune to rotting.


Message History

Something hits you. The shadow imp gestures at you.
Pain shoots through your body!
You hear some strange, mumbled words.
A puff of frost appears from out of thin air!
The puff of frost hits you!
* * * LOW HITPOINT WARNING * * *
You closely miss something. Something hits you but does no damage.
The shadow imp closely misses you.
You miss something. Something barely misses you.
The shadow imp hits you but does no damage.
Something hits you but does no damage. The shadow imp closely misses you.
You hear some strange, mumbled words.
A puff of flame appears from out of thin air!
The puff of flame hits you! You resist.
* * * LOW HITPOINT WARNING * * *
You hear some strange, mumbled words.
A puff of frost appears from out of thin air!
The puff of frost hits you!
You die...

#.#....##..# #.##
#......###.##### #...
#.......#...o..####...
..............Y##....
#.....##.......o.....
..............###...
...########........######
#.## #....)...>5######.#
#.# ....####.oo..@.....#
#.#
.........#####......##
#.# ...###### .####...#
##.# ## #..###.{##
##......... ##......o...
#........... #......Y....
#.....).....


You could see a shadow imp and 2 orcs.

Vanquished Creatures
  A phantom (D:5)
  2 centaurs
  A centaur zombie (D:5)
  2 giant frog zombies (D:5)
  A centaur skeleton (D:5)
  4 orc priests
  A jelly (D:6)
  A gnoll shaman (D:4)
  Ijyb (D:2)
  A giant frog skeleton (D:5)
  2 orc wizards (D:6)
  2 worker ants (D:4)
  A quasit (D:5)
  An iguana (D:4)
  15 adders
  5 gnolls (D:4)
  An adder skeleton (D:4)
  4 giant geckos
  14 orcs
  3 giant cockroaches
  9 hobgoblins
  8 jackals
  7 kobolds
  6 bats
  A giant cockroach zombie (D:6)
  5 giant newts
  9 goblins
  A jackal skeleton (D:5)
  7 rats
116 creatures vanquished.

Notes
Turn   | Place    | Note
--------------------------------------------------------------
     0 | D:1      | septik the Gargoyle Earth Elementalist began the quest for the Orb.
     0 | D:1      | Reached XP level 1. HP: 10/10 MP: 3/3
   440 | D:1      | Reached skill level 4 in Earth Magic
   440 | D:1      | Reached XP level 2. HP: 15/15 MP: 5/5
   507 | D:1      | You fall through a shaft!
   513 | D:2      | Reached XP level 3. HP: 19/19 MP: 2/7
   517 | D:2      | Learned a level 2 spell: Stoneskin
   521 | D:2      | Learned a level 3 spell: Stone Arrow
  1151 | D:2      | Reached XP level 4. HP: 16/24 MP: 8/8
  1393 | D:2      | Reached skill level 1 in Conjurations
  1459 | D:2      | Noticed Ijyb
  1481 | D:2      | Killed Ijyb
  1571 | D:2      | Reached XP level 5. HP: 17/28 MP: 7/10
  1775 | D:3      | Noticed chonchonts's ghost (amateur GrBe)
  2386 | D:3      | Reached skill level 5 in Earth Magic
  2790 | D:4      | Found a snail-covered altar of Cheibriados.
  2793 | D:4      | Found a blossoming altar of Fedhas.
  2807 | D:4      | Found a glowing silver altar of Zin.
  2819 | D:4      | Found a shadowy altar of Dithmenos.
  2942 | D:4      | Reached XP level 6. HP: 27/32 MP: 8/12
  3416 | D:4      | Found a blossoming altar of Fedhas.
  3982 | D:5      | Entered Level 5 of the Dungeon
  3994 | D:5      | Reached XP level 7. HP: 25/36 MP: 14/14
  4066 | D:5      | Reached skill level 5 in Spellcasting
  4098 | D:5      | Reached skill level 6 in Earth Magic
  4776 | D:5      | Reached skill level 5 in Conjurations
  5048 | D:5      | Found a staircase to the Ecumenical Temple.
  5081 | Temple   | Entered the Ecumenical Temple
  5185 | Temple   | Became a worshipper of Vehumet
  5466 | D:5      | Reached XP level 8. HP: 27/41 MP: 12/15
  5993 | D:6      | Reached skill level 1 in Armour
  6007 | D:6      | Reached skill level 1 in Fighting
  6330 | D:6      | Reached skill level 1 in Evocations
  6346 | D:6      | Killed from afar by an orc wizard

Action                   |  1- 3 |  4- 6 |  7- 9 || total
-------------------------+-------+-------+-------++-------
Melee: Unarmed           |    14 |       |       ||    14
       Hand axe          |     8 |    66 |       ||    74
       Short sword       |    56 |    86 |       ||   142
       War axe           |       |     9 |    45 ||    54
       Morningstar       |       |       |    46 ||    46
 Cast: Sandblast         |    12 |    91 |    52 ||   155
       Stoneskin         |       |       |     1 ||     1
 Stab: Sleeping          |     3 |     3 |       ||     6
  Eat: Chunk             |     1 |    15 |    13 ||    29
